 Dungeon Crawl Stone Soup version 0.23-a0-494-g91793a9 (webtiles) character file.

31350 KristoblXynda the Basher (level 13, -14/82 HPs)
             Began as a Gargoyle Gladiator on Dec 3, 2018.
             Was an Initiate of Gozag.
             Killed from afar by an ice statue (19 damage)
             ... with a bolt of cold
             ... in an ice cave.
             The game lasted 00:31:21 (13437 turns).

KristoblXynda the Basher (Gargoyle Gladiator)      Turns: 13437, Time: 00:31:23

Health: -14/82     AC: 34    Str: 20    XL:     13   Next: 57%
Magic:  23/23      EV: 10    Int: 11    God:    Gozag
Gold:   2357       SH: 13    Dex: 12    Spells: 12/12 levels left

rFire    . . .     SeeInvis .   n - +7 morningstar (curse)
rCold    . . .     Gourm    .   p - +2 shield
rNeg     + . .     Faith    .   A - +4 chain mail
rPois    ∞         Spirit   .   c - +0 helmet
rElec    +         Reflect  .   (no cloak)
rCorr    .         Harm     .   s - +2 pair of gloves
MR       .....                  G - +2 pair of boots
Stlth    ..........             H - amulet of the acrobat
HPRegen  0.23/turn              t - ring of wizardry
MPRegen  0.18/turn              q - ring of magical power

@: gold aura
A: low mp 1, negative energy resistance 1, electricity resistance, unbreathing,
petrification resistance, rot immunity, sturdy frame 1, AC +9
a: Potion Petition, Call Merchant, Bribe Branch, Renounce Religion


You were in an ice cave.
You worshipped Gozag.
Gozag was most pleased with you.
You were not hungry.

You visited 1 branch of the dungeon, and saw 13 of its levels.
You also visited: Ice Cave.

You collected 3206 gold pieces.
You spent 780 gold pieces at shops.
You paid 69 gold pieces to Gozag.

Inventory:

Hand Weapons
 n - a cursed +7 morningstar (weapon)
Missiles
 d - 3 throwing nets (quivered)
Armour
 c - a +0 helmet (worn)
 p - a +2 shield (worn)
 s - a +2 pair of gloves (worn)
 A - a +4 chain mail (worn)
 G - a +2 pair of boots (worn)
Jewellery
 q - a ring of magical power (right hand)
 t - a ring of wizardry (left hand)
 H - an amulet of the acrobat (around neck)
Wands
 k - a wand of acid (2)
 r - a wand of paralysis (10)
 y - a wand of disintegration (15)
 z - a wand of iceblast (5)
Scrolls
 j - 5 scrolls of amnesia
 l - 3 scrolls of remove curse
 m - 2 scrolls of fog
 u - 2 scrolls of teleportation
 x - 3 scrolls of immolation
Potions
 a - a potion of brilliance
 e - 2 potions of resistance
 g - a potion of cancellation
 i - a potion of haste
 o - a potion of magic
 v - a potion of heal wounds
 w - 3 potions of agility
 B - a potion of ambrosia
 C - a potion of flight {unknown}
 D - 5 potions of lignification
 E - 2 potions of curing
Comestibles
 f - 31 rations


   Skills:
 - Level 10.0 Fighting
 + Level 13.5 Maces & Flails
 - Level 2.0 Throwing
 + Level 12.2 Armour
 - Level 5.3 Dodging
 + Level 9.7 Shields
 + Level 4.1 Evocations


You had 12 spell levels left.
You didn't know any spells.
Your spell library was empty.

Dungeon Overview and Level Annotations

Branches:
Dungeon (13/15)            Temple (0/1) D:7            Lair (0/6) D:8
    Orc (0/2) D:12         Vaults (0/5) D:13

Altars:
Ashenzari
Elyvilon
Gozag
Hepliaklqana
Kikubaaqudgha
Qazlal
Ru
Sif Muna
Trog
Vehumet
Yredelemnul
The Shining One

Shops:
D:7 (   D:9 [

Annotations:
D:10 2 transporters IceCv exclusion: ice statue


Innate Abilities, Weirdness & Mutations

You are resistant to torment.
Your stone body is resilient. (AC +9)
You are immune to poison.
You resist negative energy. (rN+)
You are resistant to electric shocks. (rElec)
You can survive without breathing.
You are immune to petrification.
You are immune to rotting.
Your magical capacity is low. (-10% MP)
Your movements are slightly less encumbered by armour. (ER -2)


Message History

You block the shard of ice.
The ice beast hits you but does no damage. x2
You hit the ice statue.
The ice statue is heavily damaged.
You are engulfed in freezing vapours.
The ice statue glitters chillingly in the dim dungeon light.
Unknown command.
You bludgeon the ice statue!!
The ice statue is almost destroyed.
You are engulfed in freezing vapours.
* * * LOW HITPOINT WARNING * * *
The ice beast hits you but does no damage.
The ice beast hits you.
* * * LOW HITPOINT WARNING * * *
The ice beast freezes you!
* * * LOW HITPOINT WARNING * * *
The ice statue gestures at you. The bolt of cold hits you!
You die...
Your body crumbles into a pile of gold.

### ..## ...##
#..## #..###
###§§§8##
###...Y@§.#
###.....Y§###
##......§.## ##
#.......#######..
#.......###......
##.....#........#
##............#.
##..........##
##.#....#.##


You could see an ice statue and 2 ice beasts.

Vanquished Creatures
  A fire giant (D:11)
  A war gargoyle (D:11)
  A stone giant (D:11)
  Josephine (D:10)
  4 vault guards (D:13)
  A hydra (D:12)
  4 two-headed ogres
  An unseen horror (D:13)
  5 ugly things (D:13)
  A cyclops (D:12)
  3 manticores
  An ice statue (IceCv)
  2 gargoyles
  The ghost of Loge the Abyss-Baptised, a novice DsAK of Lugonu (D:4)
  A kobold demonologist (D:11)
  A yaktaur (D:11)
  A komodo dragon (D:11)
  2 trolls
  3 polar bears (IceCv)
  5 slime creatures (D:12)
  A meliai zombie (D:8)
  2 hippogriffs
  19 yaks
  2 shadows
  5 wraiths
  A vampire (D:11)
  3 steam dragons
  A hungry ghost (D:12)
  Edmund (D:6)
  A water moccasin (D:11)
  A soldier ant (D:11)
  Duvessa (D:7)
  8 orc warriors
  10 ice beasts
  2 black bears (D:8)
  4 phantoms
  A necrophage (D:10)
  3 sky beasts
  8 ogres
  3 centaurs
  4 wolves (IceCv)
  A crocodile (shapeshifter) (D:11)
  3 big kobolds
  9 bullfrogs
  A gnoll sergeant (D:4)
  A wyvern zombie (D:10)
  Dowan (D:7)
  2 wyvern skeletons
  2 troll zombies (D:12)
  6 scorpions
  15 killer bees
  7 wights
  6 howler monkeys
  7 crimson imps
  2 centaur zombies
  2 bullfrog zombies
  10 orc wizards
  A centaur skeleton (D:4)
  2 bullfrog skeletons
  A gnoll shaman (D:6)
  5 hounds
  2 jellies
  2 orc priests
  An iguana (D:13)
  8 worker ants
  4 ogre zombies (D:12)
  A howler monkey zombie (D:5)
  10 gnolls
  9 adders
  A howler monkey skeleton (D:10)
  2 shadow imps (D:6)
  An adder zombie (D:6)
  3 adder skeletons
  4 worms
  A dart slug (D:1)
  4 leopard geckos
  29 orcs
  A ball python (D:5)
  6 bats
  2 giant cockroaches
  7 goblins
  5 hobgoblins
  2 quokkas
  9 frilled lizards
  A goblin zombie (D:12)
  A hobgoblin skeleton (D:12)
  2 hobgoblin zombies (D:12)
  6 kobolds
  2 orc skeletons (D:12)
  13 orc zombies (D:12)
  A quokka zombie (D:7)
  5 rats
350 creatures vanquished.

Vanquished Creatures (others)
  An adder (D:11)
1 creature vanquished.

Grand Total: 351 creatures vanquished

Notes
Turn   | Place    | Note
-------+----------+-------------------------------------------
     0 | D:1      | KristoblXynda the Gargoyle Gladiator began the quest for
                  | the Orb.
     0 | D:1      | Reached XP level 1. HP: 12/12 MP: 1/1
   344 | D:1      | Reached XP level 2. HP: 15/17 MP: 2/2
  1384 | D:2      | Found a glowing golden altar of the Shining One.
  1420 | D:2      | Reached XP level 3. HP: 21/21 MP: 3/3
  1617 | D:3      | Reached skill level 1 in Armour
  1797 | D:3      | Reached skill level 4 in Maces & Flails
  1797 | D:3      | Reached XP level 4. HP: 26/26 MP: 4/4
  1945 | D:3      | Reached XP level 5. HP: 23/30 MP: 5/5
  2430 | D:4      | Found a stormy altar of Qazlal.
  2430 | D:4      | Found a radiant altar of Vehumet.
  2435 | D:4      | Found an opulent altar of Gozag.
  2437 | D:4      | Found a basalt altar of Yredelemnul.
  2439 | D:4      | Found a glowing golden altar of the Shining One.
  2479 | D:4      | Became a worshipper of Gozag Ym Sagoz the Greedy
  2577 | D:4      | Reached skill level 5 in Maces & Flails
  2577 | D:4      | Reached XP level 6. HP: 6/35 MP: 6/6
  2965 | D:4      | Found a runed door.
  3325 | D:4      | Noticed Loge's ghost (novice DsAK)
  3346 | D:4      | Killed Loge's ghost
  3346 | D:4      | Reached skill level 6 in Maces & Flails
  3346 | D:4      | Reached XP level 7. HP: 40/40 MP: 7/7
  3467 | D:5      | Entered Level 5 of the Dungeon
  3631 | D:5      | Reached XP level 8. HP: 35/44 MP: 8/8
  3707 | D:5      | Reached skill level 7 in Maces & Flails
  3881 | D:5      | Found a white marble altar of Elyvilon.
  4129 | D:6      | Found a white marble altar of Elyvilon.
  4275 | D:6      | Reached skill level 5 in Armour
  4288 | D:6      | Noticed Edmund
  4309 | D:6      | Killed Edmund
  4400 | D:6      | Reached skill level 8 in Maces & Flails
  4495 | D:6      | Reached skill level 5 in Dodging
  4699 | D:6      | Reached XP level 9. HP: 47/48 MP: 9/9
  5000 | D:7      | Noticed a rust devil
  5000 | D:7      | Noticed a rust devil
  5020 | D:7      | Gained mutation: Your magical capacity is low. (-10% MP)
                  | [potion of mutation]
  5020 | D:7      | Gained mutation: Your movements are slightly less
                  | encumbered by armour. (ER -2) [potion of mutation]
  5228 | D:7      | Found Cobb's Antique Weapon Shop.
  5299 | D:7      | Noticed Duvessa
  5299 | D:7      | Noticed Dowan
  5317 | D:7      | Killed Duvessa
  5322 | D:7      | Killed Dowan
  5385 | D:7      | Found a staircase to the Ecumenical Temple.
  5418 | D:7      | Reached skill level 9 in Maces & Flails
  5672 | D:7      | Found a sacrificial altar of Ru.
  5768 | D:7      | Found a sand-covered staircase.
  6010 | D:8      | Found a staircase to the Lair.
  6249 | D:8      | Reached skill level 10 in Maces & Flails
  6277 | D:8      | Found a hazy altar of Hepliaklqana.
  6333 | D:8      | Found a shattered altar of Ashenzari.
  6408 | D:8      | Found a bloodstained altar of Trog.
  6416 | D:8      | Reached XP level 10. HP: 56/58 MP: 9/9
  6431 | D:8      | Reached skill level 5 in Fighting
  6519 | D:8      | Found an ancient bone altar of Kikubaaqudgha.
  6718 | D:8      | Noticed a two-headed ogre
  6724 | D:8      | Killed a two-headed ogre
  7159 | D:9      | Found Xageiq's Armour Shop.
  7370 | D:9      | Reached skill level 1 in Shields
  7394 | D:9      | Reached skill level 11 in Maces & Flails
  8216 | D:10     | Entered Level 10 of the Dungeon
  8509 | D:10     | Noticed Josephine
  8543 | D:10     | Killed Josephine
  8543 | D:10     | Reached XP level 11. HP: 53/66 MP: 9/9
  8876 | D:10     | Noticed a two-headed ogre
  8884 | D:10     | Killed a two-headed ogre
  9045 | D:10     | Noticed a great orb of eyes
  9159 | D:10     | Found Lang's Food Shop.
  9179 | D:10     | Bought a ration for 70 gold pieces
  9179 | D:10     | Bought a ration for 70 gold pieces
  9179 | D:10     | Bought a ration for 70 gold pieces
  9179 | D:10     | Bought a ration for 70 gold pieces
  9179 | D:10     | Bought a ration for 70 gold pieces
  9179 | D:10     | Bought a ration for 70 gold pieces
  9199 | D:10     | Found a transporter.
  9209 | D:10     | Found a transporter.
  9763 | D:11     | Reached skill level 5 in Shields
  9999 | D:11     | Noticed a two-headed ogre
  9999 | D:11     | Noticed a stone giant
 10008 | D:11     | Killed a stone giant
 10014 | D:11     | Killed a two-headed ogre
 10014 | D:11     | Reached skill level 12 in Maces & Flails
 10044 | D:11     | Reached skill level 10 in Armour
 10236 | D:11     | Reached XP level 12. HP: 57/75 MP: 10/10
 10332 | D:11     | Found Xifel's Food Shop.
 10337 | D:11     | Bought a ration for 60 gold pieces
 10337 | D:11     | Bought a ration for 60 gold pieces
 10337 | D:11     | Bought a ration for 60 gold pieces
 10337 | D:11     | Bought a ration for 60 gold pieces
 10337 | D:11     | Bought a ration for 60 gold pieces
 10337 | D:11     | Bought a ration for 60 gold pieces
 10457 | D:11     | Noticed a war gargoyle
 10470 | D:11     | Killed a war gargoyle
 10928 | D:11     | Found a deep blue altar of Sif Muna.
 11044 | D:11     | Noticed a fire giant
 11060 | D:11     | Killed a fire giant
 11746 | D:12     | Found a staircase to the Orcish Mines.
 11950 | D:12     | Noticed a two-headed ogre
 11965 | D:12     | Noticed a five-headed hydra
 11982 | D:12     | Killed a five-headed hydra
 11986 | D:12     | Reached skill level 10 in Fighting
 12006 | D:12     | Killed a two-headed ogre
 12006 | D:12     | Reached skill level 1 in Evocations
 12130 | D:12     | Reached skill level 13 in Maces & Flails
 12907 | D:13     | Reached XP level 13. HP: 82/82 MP: 12/12
 13032 | D:13     | Found a gate to the Vaults.
 13032 | D:13     | Noticed a vault guard
 13032 | D:13     | Noticed a vault guard
 13032 | D:13     | Noticed a vault guard
 13057 | D:13     | Noticed a vault guard
 13058 | D:13     | Killed a vault guard
 13070 | D:13     | Killed a vault guard
 13080 | D:13     | Killed a vault guard
 13096 | D:13     | Killed a vault guard
 13131 | D:13     | Found a frozen archway.
 13167 | IceCv    | Entered an ice cave
 13437 | IceCv    | Killed from afar by an ice statue

Vault maps used:
D:1:      wander_arrival_chamber, roderic_lattice_a, grunt_decor_cap
D:2:      grunt_decor_mini_mirrors, nicolae_tso_carved_into_rock
D:3:      st_stairs_10
D:4:      chequers_temple_overflow_minitemple, first_ration,
          ebering_ghost_reflecting_pool
D:5:      elyvilon_altar_1
D:6:      basic_altar, uniq_edmund
D:7:      cheibrodos_iron_armory, kennysheep_mini, minmay_temple_entry_mist,
          enter_ossuary_3, serial_shops, shop, hangedman_glass_teeth,
          uniq_duvessa
D:8:      kennysheep_mini_moat, lemuel_round_altar, kiku_gazebo_pond_becter,
          blue_anna_alchemist, chequers_serial_rivers_marsh, glass_columns_a,
          trog_ov_bears_minmay
D:9:      serial_shops, shop
D:10:     gammafunk_jiyva_shrine, serial_shops, nicolae_shop_crystal,
          nrook_uturn, uniq_josephine
D:11:     minmay_chopped_fan, serial_shops,
          nicolae_shop_temple_entry_statues_fountains, lemuel_blue_sif_altar
D:12:     zombieorc1_lemuel, spider_trap
D:13:     lightli_vaults_fourway_checkpoint, basic_altar,
          portal_ice_cave_entry_ice_beasts
IceCv:    ice_cave_small_giant

Skill      XL: |  1  2  3  4  5  6  7  8  9 10 11 12 13 |
---------------+----------------------------------------+-----
Throwing       | 2 |  2.0
Armour         | 1 2 4 5 7 8 10 11 12 | 12.2
Maces & Flails | 4 5 6 8 10 11 12 13 | 13.5
Dodging        | 3 4 5 |  5.3
Fighting       | 4 6 8 10 | 10.0
Shields        | 3 6 8 9 |  9.7
Evocations     | 1 4 |  4.1

Action                   |  1- 3 |  4- 6 |  7- 9 | 10-12 | 13-15 || total
-------------------------+-------+-------+-------+-------+-------++-------
Melee: Flail             |   100 |   155 |   236 |       |       ||   491
       Morningstar       |       |       |   113 |   756 |   228 ||  1097
       Whip              |       |       |    67 |       |       ||    67
Throw: Throwing net      |       |     3 |       |       |       ||     3
Evoke: Wand              |       |       |       |     7 |     3 ||    10
  Use: Scroll            |     8 |     1 |     9 |    10 |     1 ||    29
       Potion            |       |     1 |    11 |     2 |     5 ||    19
 Stab: Distracted        |       |       |     2 |     5 |     1 ||     8
  Eat: Chunk             |     3 |     1 |       |       |       ||     4
       Ration            |       |     2 |     2 |     7 |     1 ||    12
Armor: Leather armour    |    11 |       |       |       |       ||    11
       Scale mail        |    48 |    27 |       |       |       ||    75
       Chain mail        |       |    75 |   218 |   349 |   117 ||   759
       Skin              |       |       |     1 |       |       ||     1
Dodge: Dodged            |    71 |    86 |   174 |   210 |    92 ||   633
Block: Shield            |       |       |       |   348 |   156 ||   504

Table legend:
 A = Non-vault XP
 B = Vault XP
 C = Vault XP percentage of total XP
 D = Non-vault monster count
 E = Vault monster count
 F = Vault count percentage of total count
                 A         B        C        D         E       F
            +---------+---------+-------+---------+---------+-------
      Total |   24057 |   20730 |  46.3 |     263 |      87 |  24.9
            +---------+---------+-------+---------+---------+-------
        D:1 |      16 |       0 |   0.0 |       8 |       0 |   0.0
        D:2 |      21 |       0 |   0.0 |       8 |       0 |   0.0
        D:3 |     143 |      22 |  13.3 |      27 |       4 |  12.9
        D:4 |     336 |     421 |  55.6 |      15 |       1 |   6.2
        D:5 |     477 |       0 |   0.0 |      10 |       0 |   0.0
        D:6 |     924 |     166 |  15.2 |      24 |       1 |   4.0
        D:7 |    1438 |     226 |  13.6 |      24 |       2 |   7.7
        D:8 |    1698 |     503 |  22.9 |      10 |       4 |  28.6
        D:9 |    1398 |       0 |   0.0 |      26 |       0 |   0.0
       D:10 |    3541 |    1704 |  32.5 |      34 |       4 |  10.5
       D:11 |    4186 |    7235 |  63.3 |      29 |      12 |  29.3
       D:12 |    6443 |     686 |   9.6 |      33 |      28 |  45.9
       D:13 |    3436 |    7139 |  67.5 |      15 |      19 |  55.9
      IceCv |       0 |    2628 | 100.0 |       0 |      12 | 100.0
            +---------+---------+-------+---------+---------+-------
